 Dungeon Crawl Stone Soup version 0.26-a0-665-gefeb406119 (webtiles) character file.

Game seed: 12208371230395325141

1918 jasper the Chopper (level 9, -2/47 HPs)
             Began as a Vine Stalker Fighter on Oct 15, 2020.
             Was a Believer of Qazlal.
             Slain by a killer bee (6 damage)
             ... on level 6 of the Dungeon.
             The game lasted 00:07:13 (5768 turns).

jasper the Chopper (Vine Stalker Fighter)           Turns: 5768, Time: 00:07:14

Health: -2/47      AC:  9    Str: 20    XL:     9   Next: 16%
Magic:  0/12       EV:  5    Int:  9    God:    Qazlal [**....]
Gold:   321        SH: 14    Dex: 15    Spells: 8/8 levels left

rFire    . . .     SeeInvis .   a - +0 war axe
rCold    . . .     Faith    +   c - +0 kite shield
rNeg     + . .     Spirit   +   d - +0 chain mail (curse)
rPois    .         Reflect  .   (no helmet)
rElec    .         Harm     .   (no cloak)
rCorr    .         Rampage  .   (no gloves)
MR       +....                  (no boots)
Stlth    ..........             o - amulet of faith
HPRegen  0.55/turn              u - ring of positive energy
MPRegen  0.13/turn              B - ring of flight

@: no status effects
A: fangs 3, regeneration 1, magic shield, antimagic bite, no potion heal 3, rot
immunity
a: Upheaval, Renounce Religion, Evoke Flight


You were on level 6 of the Dungeon.
You worshipped Qazlal.
Qazlal was pleased with you.
You visited 1 branch of the dungeon, and saw 7 of its levels.

You collected 321 gold pieces.

Inventory:

Hand Weapons
 a - a +0 war axe (weapon)
 C - a +0 whip of electrocution
Missiles
 i - 250 stones (quivered)
Armour
 b - a +0 scale mail
 c - a +0 kite shield (worn)
 d - a cursed +0 chain mail (worn)
Jewellery
 j - an uncursed ring of ice
 k - a +6 ring of strength
 o - an amulet of faith (around neck)
 u - a ring of positive energy (left hand)
 v - an uncursed ring of ice
 y - an uncursed ring of fire
 B - a ring of flight (right hand)
Wands
 r - a wand of disintegration (10)
 A - a wand of paralysis (12)
Scrolls
 l - 7 scrolls of identify
 m - 3 scrolls of remove curse
 n - a scroll of teleportation {unknown}
 p - a scroll of amnesia {unknown}
 q - 2 scrolls of magic mapping {unknown}
 s - a scroll of fog {unknown}
 x - 4 scrolls of noise {unknown}
 D - 2 scrolls of enchant armour {unknown}
 G - a scroll of random uselessness {unknown}
Potions
 e - a potion of cancellation {unknown}
 f - 2 potions of brilliance
 g - 4 potions of curing
 h - a potion of stabbing {unknown}
 t - a potion of resistance {unknown}
 w - a potion of degeneration {unknown}
 z - a potion of heal wounds {unknown}
 E - a potion of ambrosia {unknown}
 F - 2 potions of magic {unknown}


   Skills:
 + Level 5.1 Fighting
 * Level 6.5 Axes
 + Level 4.6 Armour
 + Level 5.2 Shields
 + Level 3.7 Invocations


You had 8 spell levels left.
You didn't know any spells.
Your spell library was empty.

Dungeon Overview and Level Annotations

Branches:
Dungeon (7/15)
 Temple: D:4-7

Altars:
Fedhas
Gozag
Makhleb
Qazlal
Ru
Trog
Uskayaw

Shops:
D:4 (

Annotations:
D:5 1 runed translucent door, HilariousDeathArtist's ghost, novice HaBe


Innate Abilities, Weirdness & Mutations

You have razor-sharp teeth.
Your natural rate of healing is unusually fast.
When hurt, damage is shared between your health and your magic reserves.
Your bite disrupts and absorbs the magic of your enemies.
Potions cannot restore your health.
You are immune to rotting.


Message History

The killer bee stings you but does no damage.
You feel sick. You block the killer bee's attack.
You feel sick. The killer bee stings you.
* * * LOW HITPOINT WARNING * * *
You are more poisoned.
The killer bee poisons you!
You take 3 damage, and have 6/47 hp.
Okay, then.
Your system rejects the healing.
You feel better. You block the killer bee's attack. x2
You barely miss the killer bee. You miss the killer bee.
You block the killer bee's attack. The killer bee stings you.
* * * LOW HITPOINT WARNING * * *
The killer bee stings you but does no damage.
The killer bee stings you.
* * * LOW HITPOINT WARNING * * *
The killer bee stings you but does no damage.
The killer bee stings you!
You die...

#...#####.# ##.........
#.###.#... #.....#... ###########
#.##.....# #.........# #.###.#...
#>.....##.# #.###.#...
#.†###.##.# #.........
###########..#k@....# ########.#
#<...........#k#.#..# ##.#
#.##########.....#..##### #...
#.############.##.......# #...
#....##........##....##.# #...
####.##........##....##.#####...
##..............##....##.#)......
......#.........##......).)......
.##########################......


You could see 2 killer bees.

Vanquished Creatures
  Pikel (D:4)
  Menkaure (D:4)
  An ice beast (D:5)
  An ogre (D:5)
  2 lemures (D:4)
  2 bullfrogs (D:6)
  2 scorpions
  3 killer bees (D:6)
  A centaur zombie (D:5)
  A quasit (D:5)
  2 hounds (D:5)
  4 orc priests
  A gnoll shaman (D:4)
  2 bullfrog skeletons
  4 orc wizards
  3 worker ants
  2 worker ant zombies
  11 gnolls
  7 adders
  An ufetubus (D:6)
  An ooze (D:1)
  An adder zombie (D:6)
  4 worms (D:2)
  A dart slug (D:3)
  5 leopard geckos
  20 orcs
  8 giant cockroaches
  12 goblins
  9 hobgoblins
  2 quokkas
  A ball python (D:3)
  5 bats
  7 frilled lizards
  6 kobolds
  14 rats
148 creatures vanquished.

Vanquished Creatures (others)
  5 plants (D:1)
5 creatures vanquished.

Grand Total: 153 creatures vanquished

Notes
Turn   | Place    | Note
-------+----------+-------------------------------------------
     0 | D:1      | jasper the Vine Stalker Fighter began the quest for the
                  | Orb.
     0 | D:1      | Reached XP level 1. HP: 11/11 MP: 2/2
   239 | D:1      | Reached skill level 2 in Axes
   285 | D:1      | Reached XP level 2. HP: 14/16 MP: 1/3
   536 | D:1      | Reached XP level 3. HP: 19/19 MP: 4/4
  1197 | D:2      | Gained mutation: Your natural rate of healing is unusually
                  | fast. [Vine Stalker growth]
  1197 | D:2      | Reached XP level 4. HP: 24/24 MP: 5/5
  1324 | D:2      | Found a faded altar of an unknown god.
  1338 | D:2      | Became a worshipper of Qazlal Stormbringer
  1338 | D:2      | Reached * piety under Qazlal
  1383 | D:2      | Reached skill level 3 in Axes
  1427 | D:2      | Reached XP level 5. HP: 13/28 MP: 3/6
  1777 | D:3      | Reached ** piety under Qazlal
  1950 | D:3      | Found a sacrificial altar of Ru.
  2105 | D:3      | Found a blossoming altar of Fedhas.
  2147 | D:3      | Found a blossoming altar of Fedhas.
  2404 | D:4      | Reached XP level 6. HP: 16/32 MP: 2/7
  3065 | D:4      | Reached skill level 4 in Axes
  3188 | D:4      | Found Neicrava's Antique Weapon Shoppe.
  3331 | D:4      | Reached skill level 1 in Invocations
  3526 | D:4      | Noticed Menkaure
  3538 | D:4      | Killed Menkaure
  3538 | D:4      | Reached XP level 7. HP: 24/37 MP: 6/9
  3591 | D:5      | Entered Level 5 of the Dungeon
  3591 | D:5      | Found a runed translucent door.
  3592 | D:5      | Noticed Pikel
  3746 | D:5      | Found a burning altar of Makhleb.
  3881 | D:4      | Killed Pikel
  3881 | D:4      | Reached skill level 5 in Axes
  3881 | D:4      | Gained mutation: You have razor-sharp teeth. [Vine Stalker
                  | growth]
  3881 | D:4      | Reached XP level 8. HP: 31/42 MP: 6/11
  4057 | D:5      | Found a bloodstained altar of Trog.
  4279 | D:5      | Noticed HilariousDeathArtist's ghost (novice HaBe)
  4433 | D:6      | Reached skill level 6 in Axes
  4614 | D:6      | Reached skill level 5 in Shields
  5030 | D:6      | Reached skill level 5 in Fighting
  5060 | D:6      | Reached XP level 9. HP: 46/47 MP: 10/12
  5283 | D:6      | Reached *** piety under Qazlal
  5518 | D:6      | Found a hide-covered altar of Uskayaw.
  5519 | D:6      | Found an opulent altar of Gozag.
  5768 | D:6      | Slain by a killer bee

Illustrated notes

Levels and vault maps discovered:
D:1:      shiori_shiawase, layout_loops_cross, serial_bayou,
          serial_bayou_lagoon_a, serial_bayou_pond_b, serial_bayou_pond_c,
          serial_bayou_crossing
D:2:      layout_rooms, chequers_ecumenical_altar_grove
D:3:      layout_basic, nicolae_ru_great_annihilating_truth, marbit_many_paths,
          fedhas_altar_2
D:4:      layout_gridville, serial_shops, kennysheep_little_box,
          minmay_circle_x, uniq_menkaure
D:5:      layout_rooms, lemuel_crystal_altar, ebering_ghost_reflecting_pool,
          minmay_misc_feat_enclosed, trog_hazing_becter, uniq_pikel
D:6:      layout_loops_cross, gammafunk_temple_overflow_pools, chequers_avenue
D:7:      layout_basic, minmay_temple_entry_trees, basic_altar, st_stairs_6,
          minmay_stone_trees_small, chequers_serial_rivers_micro_a

Skill      XL: |  1  2  3  4  5  6  7  8 |
---------------+-------------------------+-----
Axes           | 2 3 4 5 6 |  6.5
Fighting       | 3 4 5 |  5.1
Shields        | 3 4 5 |  5.2
Armour         | 3 4 |  4.6
Invocations    | 1 2 3 |  3.7

Action                   |  1- 3 |  4- 6 |  7- 9 || total
-------------------------+-------+-------+-------++-------
Melee: War axe           |    86 |   175 |   155 ||   416
       Bite              |    15 |    38 |    50 ||   103
Throw: Stone             |       |     3 |    14 ||    17
Invok: Upheaval          |       |       |     4 ||     4
  Use: Potion            |       |     3 |     2 ||     5
       Scroll            |       |       |     1 ||     1
 Stab: Invisible         |       |     1 |       ||     1
       Paralysed         |       |     1 |       ||     1
Armor: Scale mail        |    28 |    26 |       ||    54
       Chain mail        |       |    64 |    67 ||   131
Dodge: Dodged            |    29 |    41 |    46 ||   116
Block: Kite shield       |    49 |   120 |   144 ||   313

Table legend: (Time is in decaauts)
 A = Elapsed time spent in this place.
 B = Non-inter-level travel time spent in this place.
 C = Inter-level travel time spent in this place.
 D = Time resting spent in this place.
 E = Time spent auto-exploring this place.
 F = Levels seen in this place.
 G = Mean time per level.
                   A        B        C        D        E       F      G
               +--------+--------+--------+--------+--------+-----+--------+
         Total |   5952 |   5678 |    274 |   1188 |   3382 |   7 |  850.3 |
       Dungeon |   5952 |   5678 |    274 |   1188 |   3382 |   7 |  850.3 |
               +--------+--------+--------+--------+--------+-----+--------+

Top non-repeatable levels by time:
     D:4: 1395 daAuts
     D:6: 1329 daAuts
     D:1: 1174 daAuts
     D:3: 832 daAuts
     D:5: 622 daAuts
     D:2: 594 daAuts
     D:7: 4 daAuts
